 Dungeon Crawl Stone Soup version 0.28.0-1-gb440e238dd (webtiles) character file.

Game seed: 14798570949189533580

172 Morbidden the Skirmisher (level 5, -11/42 HPs)
             Began as a Demonspawn Fighter on Feb 21, 2022.
             Mangled by a wyvern (16 damage)
             ... on level 8 of the Dungeon.
             The game lasted 00:03:19 (4792 turns).

Morbidden the Skirmisher (Demonspawn Fighter)       Turns: 4792, Time: 00:03:20

Health: -11/42     AC:  6    Str: 24    XL:     5   Next: 27%
Magic:  5/5        EV: 13    Int:  9    God:
Gold:   182        SH:  4    Dex: 13    Spells: 4/4 levels left

rFire   . . .      SeeInvis .   a - +0 long sword
rCold   . . .      Faith    .   c - +0 buckler
rNeg    . . .      Spirit   .   b - +0 scale mail
rPois   .          Reflect  .   (no helmet)
rElec   .          Harm     .   (no cloak)
rCorr   .          Rampage  .   (no gloves)
Will    .....                   (no boots)
Stlth   ..........              (no amulet)
HPRegen 0.14/turn               k - +6 ring of strength
MPRegen 0.09/turn               w - +4 ring of evasion

@: no status effects
A: claws 1, demonic guardian 1
a: no special abilities


You were on level 8 of the Dungeon.
You visited 2 branches of the dungeon, and saw 7 of its levels.

You collected 182 gold pieces.

Inventory:

Hand Weapons
 a - a +0 long sword (weapon)
 p - a +2 dagger of protection
Missiles
 m - 5 curare-tipped darts (quivered)
 q - 7 poisoned darts
Armour
 b - a +0 scale mail (worn)
 c - a +0 buckler (worn)
Jewellery
 k - a +6 ring of strength (left claw)
 l - a +6 ring of intelligence
 r - a ring of willpower
 w - a +4 ring of evasion (right claw)
Wands
 j - a wand of charming (8)
 s - a wand of flame (15)
 u - a wand of polymorph (14)
Scrolls
 f - 3 scrolls of teleportation
 x - a scroll of enchant weapon
Potions
 d - a potion of might
 e - a potion of curing {unknown}
 h - a potion of haste {unknown}
 i - 3 potions of brilliance {unknown}
 n - 2 potions of lignification {unknown}
 v - 2 potions of flight {unknown}


   Skills:
 * Level 3.9 Fighting
 * Level 3.6 Long Blades
 + Level 3.3 Armour
 * Level 0.9 Dodging
 + Level 2.8 Shields


You had 4 spell levels left.
You didn't know any spells.
Your spell library contained the following spells:

 Spells                   Type           Power      Damage    Failure   Level
 Apportation              Tloc           0%         N/A       78%         1
 Alistair's Intoxication  Tmut/Pois      0%         N/A       100%        5


Dungeon Overview and Level Annotations

Branches:
Dungeon (5/15)             Temple (1/1) D:4

Altars:
Ashenzari
Dithmenos
Elyvilon
Hepliaklqana
Kikubaaqudgha
Makhleb
Nemelex Xobeh
Ru
Sif Muna
Trog
Uskayaw
Vehumet
Wu Jian
Yredelemnul
Zin


Innate Abilities, Weirdness & Mutations

You have sharp fingernails.
A weak demonic guardian rushes to your aid.


Message History

The orc closely misses you.
The orc priest shouts!
You hit the orc.
The orc is severely wounded.
You hear an angry hiss.
The orc hits you with a +2 short sword of speed. x2
You hit the orc.
The orc is almost dead.
A wyvern comes into view.
The orc hits you with a +2 short sword of speed.
The orc priest looks braver for a moment.
The orc hits you but does no damage.
You barely miss the orc.
The orc is almost dead.
The orc hits you but does no damage.
An orc comes into view. It is wielding a +0 dagger.
The orc hits you with a +2 short sword of speed.
The orc shouts!
You slash the orc!
You kill the orc!
Found Great Wizards, Vol.
VII.
An orc wizard comes into view. It is wielding a +0 dagger.
You block the wyvern's attack. You block the orc priest's attack.
Things that are here:
a +2 short sword of speed; an orc corpse The orc wizard shouts!
You hit the wyvern.
The wyvern is lightly wounded.
The wyvern bites you. The wyvern bites you!
A demonic guardian appears!
The orc priest mumbles some strange prayers to Beogh against you.
Beogh smites you!
* * * LOW HITPOINT WARNING * * *
You barely miss the wyvern.
The wyvern is lightly wounded.
The wyvern bites you.
* * * LOW HITPOINT WARNING * * *
The orc priest hits you with a +0 hand axe.
* * * LOW HITPOINT WARNING * * *
The wyvern bites you!
You die...

.. . ....
..#############....
.........5........#
..................#
..o..oo@..........##
:.....l.#..?.......#
....................
...##...§§..........
.. ....§§§........#
. .$...#§§§.$....##
.#....#§§§§.#.....#
#...###§#..#.....#
.. ###.## #...#


You could see a wyvern, an orc priest (ally target), an orc wizard, an orc and a
friendly shadow imp (summoned).

Vanquished Creatures
  5 adders
  A worm (D:3)
  4 dart slugs
  An orc (D:8)
  12 endoplasms
  2 giant cockroaches
  8 goblins
  7 hobgoblins
  3 jackals (D:3)
  10 kobolds
  9 quokkas
  5 ball pythons
  5 bats
  3 frilled lizards
  5 rats
80 creatures vanquished.

Vanquished Creatures (collateral kills)
  A bullfrog skeleton (D:4)
  A goblin (D:1)
2 creatures vanquished.

Grand Total: 82 creatures vanquished

Notes
Turn   | Place    | Note
-------+----------+-------------------------------------------
     0 | D:1      | Morbidden the Demonspawn Fighter began the quest for the
                  | Orb.
     0 | D:1      | Reached XP level 1. HP: 18/18 MP: 1/1
   423 | D:1      | Gained mutation: A weak demonic guardian rushes to your
                  | aid. [demonic ancestry]
   423 | D:1      | Reached XP level 2. HP: 19/24 MP: 2/2
  1701 | D:2      | Reached XP level 3. HP: 20/29 MP: 3/3
  2859 | D:3      | Reached XP level 4. HP: 28/35 MP: 4/4
  4015 | D:4      | Found a staircase to the Ecumenical Temple.
  4045 | Temple   | Entered the Ecumenical Temple
  4432 | D:4      | Gained mutation: You have sharp fingernails. [demonic
                  | ancestry]
  4432 | D:4      | Reached XP level 5. HP: 25/42 MP: 5/5
  4771 | D:5      | Entered Level 5 of the Dungeon
  4771 | D:5      | You fall into a shaft and drop 3 floors!
  4787 | D:8      | Noticed a wyvern
  4792 | D:8      | Mangled by a wyvern

Illustrated notes

Levels and vault maps discovered:
D:1:      minmay_arrival_diagonal_passages, layout_basic, serial_corexii_hall,
          chequers_hall_statues_corner_a, corexii_hall_statues_x, st_stairs_6
D:2:      layout_basic
D:3:      layout_basic, zin_statuary, minmay_misc_feat_encased
D:4:      layout_rooms, minmay_temple_entry_slanted, kennysheep_generic_room_12
D:5:      layout_gridville, serial_shops, kennysheep_mini_moat, uniq_eustachio
D:8:      cheibrodos_fertilizer, layout_cave_pools,
          gammafunk_temple_overflow_wave, mainiacjoe_overflow_alcove_1,
          enter_bailey_5
Temple:   nicolae_temple_great_sept

Skill      XL: |  1  2  3  4 |
---------------+-------------+-----
Long Blades    | 2 3 |  3.6
Armour         | 3 |  3.3
Fighting       | |  3.9
Dodging        | |  0.9
Shields        | |  2.8

Action                   |  1- 3 |  4- 6 || total
-------------------------+-------+-------++-------
Melee: Long sword        |   141 |   103 ||   244
  Use: Scroll            |       |     5 ||     5
Armor: Scale mail        |    55 |    45 ||   100
Dodge: Dodged            |    71 |    40 ||   111
Block: Buckler           |    32 |    16 ||    48
